 Dungeon Crawl Stone Soup version 0.23.2-40-g277498a001 (webtiles) character file.

Game seed: 15209051350544140224

291 Frank2 the Chopper (level 5, -9/42 HPs)
             Began as a Demigod Gladiator on Oct 3, 2019.
             Mangled by an ogre
             ... wielding a +0 giant club
              (16 damage)
             ... on level 4 of the Dungeon.
             The game lasted 00:05:44 (4228 turns).

Frank2 the Chopper (Demigod Gladiator)              Turns: 4228, Time: 00:05:45

Health: -9/42      AC:  9    Str: 17    XL:     5   Next: 83%
Magic:  7/7        EV: 13    Int: 12    God:
Gold:   134        SH:  0    Dex: 19    Spells: 4/4 levels left

rFire    . . .     SeeInvis .   a - +0 war axe
rCold    . . .     Gourm    .   (no shield)
rNeg     . . .     Faith    .   n - +1 ring mail
rPois    .         Spirit   .   c - +2 helmet
rElec    .         Reflect  .   (no cloak)
rCorr    .         Harm     .   (no gloves)
MR       .....                  (no boots)
Stlth    +.........             (no amulet)
HPRegen  0.14/turn              (no ring)
MPRegen  0.10/turn              (no ring)

@: no status effects
A: high mp 1
a: no special abilities


You were on level 4 of the Dungeon.
You were hungry.

You visited 1 branch of the dungeon, and saw 4 of its levels.

You collected 134 gold pieces.

Inventory:

Hand Weapons
 a - a +0 war axe (weapon)
Armour
 c - a +2 helmet (worn)
 n - a +1 ring mail (worn)
Jewellery
 m - a +4 ring of dexterity {unknown}
Scrolls
 b - a scroll of magic mapping
 g - 3 scrolls of remove curse
 l - a scroll of identify
Potions
 e - a potion of ambrosia
 i - a potion of brilliance {unknown}
 j - a potion of flight
 k - 2 potions of curing
 o - a potion of lignification {unknown}
 p - a potion of resistance {unknown}
 q - a potion of magic {unknown}
Comestibles
 f - 6 rations


   Skills:
 + Level 2.7 Fighting
 + Level 4.6 Axes
 - Level 1.7 Throwing
 * Level 2.6 Armour
 + Level 3.3 Dodging


You had 4 spell levels left.
You didn't know any spells.
Your spell library was empty.

Dungeon Overview and Level Annotations

Branches:
Dungeon (4/15)
 Temple: D:4-7


Innate Abilities, Weirdness & Mutations

You have an increased reservoir of magic. (+10% MP)


Message History

You hit the ogre but do no damage.
The ogre is heavily wounded.
The ogre struggles against the net.
The phantom blinks!
The ogre struggles against the net.
You hit the ogre.
The ogre is severely wounded.
The phantom blinks!
The ogre struggles against the net.
The net rips apart, and the ogre comes free!
You are feeling hungry.
You barely miss the ogre.
The ogre is severely wounded.
The ogre hits you with a +0 giant club!!
You hit the ogre.
The ogre is severely wounded.
The ogre hits you with a +0 giant club!
* * * LOW HITPOINT WARNING * * *
You hit the ogre.
The ogre is almost dead.
The phantom blinks!
The ogre hits you with a +0 giant club!
You die...

.......... ...........
..........#######
...............^#.....#
..........#####.#...O.#
..............#.#.....#
..............#@#.....##
..............#O#.......
..............#.#.....#
................ยง.....#
..............).......#
......................#
#.....#
......................#
#.....#
......................#
#.....<
......................#
#.....#


You could see an ogre.

Vanquished Creatures
  A bullfrog skeleton (D:4)
  2 orc wizards
  Robin (D:3)
  4 gnolls
  5 adders
  An ooze (D:4)
  2 worms (D:2)
  4 dart slugs
  4 leopard geckos
  10 orcs
  3 giant cockroaches
  16 goblins
  4 hobgoblins (D:3)
  8 jackals (D:1)
  3 quokkas
  A ball python (D:4)
  4 bats
  A frilled lizard (D:3)
  10 kobolds
  A leopard gecko skeleton (D:4)
  10 rats
95 creatures vanquished.

Notes
Turn   | Place    | Note
-------+----------+-------------------------------------------
     0 | D:1      | Frank2 the Demigod Gladiator began the quest for the Orb.
     0 | D:1      | Reached XP level 1. HP: 17/17 MP: 3/3
   147 | D:1      | Reached XP level 2. HP: 13/24 MP: 4/4
   156 | D:1      | Reached skill level 3 in Axes
   871 | D:2      | Reached skill level 1 in Armour
   871 | D:2      | Reached XP level 3. HP: 23/29 MP: 5/5
  1224 | D:2      | Found a white marble altar of Elyvilon.
  1224 | D:2      | Found a glowing silver altar of Zin.
  1225 | D:2      | Found a glowing golden altar of the Shining One.
  1720 | D:3      | Reached XP level 4. HP: 36/36 MP: 6/6
  1811 | D:3      | HP: 1/36 [gnoll/+0 flail of holy wrath (12)]
  2766 | D:3      | Reached skill level 4 in Axes
  3394 | D:4      | Noticed Robin
  3403 | D:4      | Reached XP level 5. HP: 24/42 MP: 7/7
  3714 | D:3      | Killed Robin
  4159 | D:4      | Noticed a phantom
  4212 | D:4      | Noticed an ogre
  4228 | D:4      | Mangled by an ogre

Skill      XL: |  1  2  3  4 |
---------------+-------------+-----
Axes           | 3 4 |  4.6
Dodging        | 3 |  3.3
Fighting       | 2 |  2.7
Armour         | 1 2 |  2.6
Throwing       | |  1.7

Action                   |  1- 3 |  4- 6 || total
-------------------------+-------+-------++-------
Melee: War axe           |   121 |   166 ||   287
Throw: Throwing net      |       |     4 ||     4
  Use: Scroll            |    10 |     4 ||    14
       Potion            |     1 |     2 ||     3
 Stab: Sleeping          |     1 |       ||     1
  Eat: Chunk             |     2 |     5 ||     7
       Ration            |       |     1 ||     1
Armor: Leather armour    |    39 |    13 ||    52
       Ring mail         |       |    80 ||    80
Dodge: Dodged            |    97 |   137 ||   234
